Unix NetHack Version 5.0.0-0 post-release - last build May  4 2026 22:22:43 (774f63e81ad911689b3a0859ea89b322d5daca8d,branch:main).

Game began 2026-05-06 13:06:23, ended 2026-05-07 05:30:28.

1212468021121, lawful female dwarven Valkyrie

                    -------
                    |...<.|                           -----
                    |.....|                           |...|
                    |......                           |.$.|
                    |.....|                           +?..|#############
                    |.....|                           ---|-#        ---.------
                    -.-----                             #a@#       #.........|
                     #                                    d        #|........|
                     ##                                   ###      #|........|
                    ###                                     #      #|..`.....|
                    # *                     .               #      #----------
                      #                                     #      #
                   # #                       #              #      #
                    #                        ###################   #
               -.--.---                     ##              #  #   ##
               |......|               #######           ----.--.----#
               |......|   #############                 |..........-#
               ....(..-####                             ...>.......|
               --------                                 ------------

1212468021121 the Skirmisher  St:16 Dx:11 Co:15 In:7 Wi:13 Ch:10  Lawful
Dlvl:6  $:118 HP:0(50) Pw:8(8) AC:7  Xp:5 T:2297 

Latest messages:
 You miss the giant ant.
 The giant ant bites!
 The giant ant just misses!
 The giant ant bites!
 The giant ant bites!
 You miss the giant ant.
 The giant ant bites!
 The giant ant bites!
 The giant ant misses!
 The giant ant bites!
 You miss the giant ant.
 The giant ant misses!
 The giant ant misses!
 The giant ant bites!
 You miss the giant ant.
 The giant ant bites!
 The giant ant misses!
 The giant ant bites!
 You miss the giant ant.
 The giant ant bites!
 The giant ant bites!
 You miss the giant ant.
 The giant ant bites!
 The giant ant misses!
 The giant ant bites!
 The giant ant bites!
 The giant ant bites!
 You hear some noises.
 What do you want to eat? [de or ?*] ?
 This food really hits the spot!
 You hear crashing rock.
 You stop eating the food ration.
 The little dog bites the giant ant.
 The giant ant bites the little dog.
 You kill the giant ant!
 The little dog misses it.
 You swap places with your little dog.
 The giant ant bites!
 The giant ant misses!
 The little dog misses the giant ant.
 You miss the giant ant.
 The giant ant bites!
 The little dog misses the giant ant.
 The giant ant bites!
 You die...
 Do you want your possessions identified? [ynq] (y) y
 Do you want to see your attributes? [ynq] (y) y
 Do you want an account of creatures vanquished? [ynaq] (y) y
 Do you want to see your conduct and achievements? [ynq] (y) y
 Do you want to see the dungeon overview? [ynq] (y) y

Inventory:
 Coins    ('$')
  $ - 118 gold pieces
 Weapons  (')')
  b - a +0 dagger (at the ready)
  a - a +1 dwarvish spear (weapon in left hand)
 Armor    ('[')
  h - an uncursed +0 orcish helm
  j - an uncursed +0 orcish helm
  c - an uncursed thoroughly burnt +3 small shield (being worn)
 Comestibles  ('%')
  d - an uncursed food ration
  o - an uncursed partly eaten food ration
  e - an uncursed tripe ration
 Scrolls  ('?')
  f - 2 blessed scrolls of blank paper
  k - an uncursed scroll of identify
  g - an uncursed scroll of teleportation
 Potions  ('!')
  n - an uncursed potion of paralysis
 Rings    ('=')
  m - an uncursed ring of free action
  l - a cursed ring of teleportation
 Tools    ('(')
  i - an uncursed leash

1212468021121 the Valkyrie's attributes:

Background:
 You were a Skirmisher, a level 5 dwarven Valkyrie.
 You were lawful, nominally on a mission for Tyr
 who was opposed by Odin (neutral) and Loki (chaotic).
 You were left-handed.
 You were in the Dungeons of Doom, on level 6.
 You entered the dungeon 2297 turns ago.
 It was nighttime.
 You had 200 experience points, 120 more were needed to attain level 6.

Basics:
 You had 0 out of 50 hit points.
 You had all 8 energy points (spell power).
 Your armor class was 7.
 Your wallet contained 118 zorkmids.
 Autopickup was off.

Final Characteristics:
 Your strength was 16 (peak:18/01, limit:18/100).
 Your dexterity was 11 (peak:12, limit:20).
 Your constitution was 15 (limit:20).
 Your intelligence was 7 (limit:16).
 Your wisdom was 13 (limit:16).
 Your charisma was 10 (limit:16).

Final Status:
 You weren't hungry.
 You were unencumbered.
 You were wielding a spear.
 You had basic skill with spear.

Final Attributes:
 You were piously aligned.
 You were cold resistant.
 You had infravision.
 You were stealthy.
 You aggravated monsters.
 You were unlucky.
 You are dead.

Miscellaneous:
 You didn't encounter any bones levels.
 Total elapsed playing time was 1 hour, 18 minutes and 17 seconds.

Major events:
 Turn
    1: 1212468021121 the lawful dwarven Valkyrie entered the dungeon
  784: attained the rank of Skirmisher (level 3)
 2297: killed by a giant ant

You didn't know any spells.

Skills:
 Fighting Skills
   bare handed combat [Unskilled]
   two weapon combat  [Unskilled]
   riding             [Unskilled]
 Weapon Skills
   dagger             [Basic]
   axe                [Unskilled]
   pick-axe           [Unskilled]
   short sword        [Unskilled]
   broadsword         [Unskilled]
   long sword         [Unskilled]
   two-handed sword   [Unskilled]
   saber              [Unskilled]
   hammer             [Unskilled]
   quarterstaff       [Unskilled]
   polearms           [Unskilled]
   spear              [Basic]
   trident            [Unskilled]
   lance              [Unskilled]
   sling              [Unskilled]
 Spellcasting Skills
   attack spells      [Unskilled]
   escape spells      [Unskilled]

Voluntary challenges:
 Character rerolling was not enabled.
 You were an atheist.
 You never genocided any monsters.
 You never polymorphed an object.
 You never changed form.
 You used no wishes.
Achievement:
 You attained the rank of Skirmisher.

 The Dungeons of Doom: levels 1 to 6
    Level 1:
       Some fountains.
    Level 2:
    Level 3:
       An altar, a grave.
    Level 4:
    Level 5:
    Level 6: <- You were here.
       Final resting place for
          you, killed by a giant ant.


Vanquished creatures:
  a rock mole
  a fog cloud
  a gnome leader
  a gray ooze
  a paper golem
  3 giant ants
  a floating eye
  a kitten
  3 homunculi
  3 hill orcs
  a dwarf zombie
 an iguana
 an acid blob
  a coyote
  a hobbit
  a large kobold
  2 giant rats
  a green mold
  2 red molds
  4 geckos
  2 foxes
  2 kobolds
  2 goblins
  4 grid bugs
  2 lichens
  a kobold zombie
  4 newts
48 creatures vanquished.

No species were genocided or became extinct.

Game over:
                       ----------
                      /          \
                     /    REST    \
                    /      IN      \
                   /     PEACE      \
                  /                  \
                  |  1212468021121   |
                  |      118 Au      |
                  |   killed by a    |
                  |    giant ant     |
                  |                  |
                  |                  |
                  |       2026       |
                 *|     *  *  *      | *
        _________)/\\_//(\/(/\)/\//\/|_)_______

Farvel 1212468021121 the Valkyrie...

You died in The Dungeons of Doom on dungeon level 6 with 1177 points,
and 118 pieces of gold, after 2297 moves.
You were level 5 with a maximum of 50 hit points when you died.

